 Dungeon Crawl Stone Soup version 0.27-a0-91-g4f573a835d (webtiles) character file.

Game seed: 10929317787437009601

39 n3xuiz the Firebug (level 3, -1/27 HPs)
             Began as a Demigod Fire Elementalist on Jan 15, 2021.
             Slain by a gnoll
             ... wielding a +0 spear
              (7 damage)
             ... on level 2 of the Dungeon.
             The game lasted 00:04:21 (2068 turns).

n3xuiz the Firebug (Demigod Fire Elementalist)      Turns: 2068, Time: 00:04:22

Health: -1/27      AC: 10    Str: 13    XL:     3   Next: 11%
Magic:  8/8        EV:  3    Int: 19    God:
Gold:   104        SH:  0    Dex: 16    Spells: 5/6 levels left

rFire    . . .     SeeInvis .   d - +0 spear
rCold    . . .     Faith    .   (no shield)
rNeg     . . .     Spirit   .   j - +0 plate armour
rPois    .         Reflect  .   (no helmet)
rElec    .         Harm     .   (no cloak)
rCorr    .         Rampage  .   (no gloves)
Will     .....                  (no boots)
Stlth    ..........             (no amulet)
HPRegen  0.09/turn              (no ring)
MPRegen  0.11/turn              (no ring)

@: no status effects
A: high mp 1
a: no special abilities


You were on level 2 of the Dungeon.
You visited 1 branch of the dungeon, and saw 2 of its levels.

You collected 104 gold pieces.

Inventory:

Hand Weapons
 d - a +0 spear (weapon)
Armour
 a - a +0 robe
 e - a +0 leather armour
 h - a +0 ring mail
 j - a +0 plate armour (worn)
Jewellery
 f - a +4 ring of slaying {unknown}
Scrolls
 b - a scroll of fear {unknown}
 c - 4 scrolls of remove curse {unknown}
 i - a scroll of enchant armour {unknown}
 k - a scroll of noise {unknown}
Potions
 g - 2 potions of flight {unknown}
 l - 2 potions of curing {unknown}


   Skills:
 + Level 0.3 Fighting
 + Level 0.5 Polearms
 + Level 0.7 Armour
 + Level 2.2 Dodging
 + Level 1.9 Stealth
 + Level 2.0 Spellcasting
 + Level 0.8 Conjurations
 + Level 3.0 Fire Magic


You had 5 spell levels left.
You knew the following spells:

 Your Spells              Type           Power        Failure   Level
a - Foxfire               Conj/Fire      36%          100%        1

Your spell library contained the following spells:

 Spells                   Type           Power        Failure   Level
 Conjure Flame            Conj/Fire      9%           100%        3
 Inner Flame              Hex/Fire       7%           100%        3
 Sticky Flame             Conj/Fire      9%           100%        4
 Fireball                 Conj/Fire      4%           100%        5


Dungeon Overview and Level Annotations

Branches:
Dungeon (2/15)


Innate Abilities, Weirdness & Mutations

You have an increased reservoir of magic. (+10% MP)


Message History

The gnoll is severely wounded.
The gnoll hits you but does no damage.
The gnoll hits you from afar with a +0 spear.
You barely miss the gnoll.
The gnoll is severely wounded.
The gnoll hits you but does no damage.
The gnoll hits you from afar with a +0 spear.
You hit the gnoll.
The gnoll is almost dead.
The gnoll hits you but does no damage. x2
Your plate armour prevents you from hitting the gnoll.
The gnoll is almost dead.
The gnoll hits you but does no damage.
The gnoll hits you from afar with a +0 spear.
The gnoll hits you.
* * * LOW HITPOINT WARNING * * *
You completely miss the gnoll.
The gnoll is almost dead.
The gnoll hits you from afar with a +0 spear!
You die...

#######.###.#.....#..
#...........###...#..
#...###.##......#.#..
#....##....####.###.#
#...(####### #.....#
####.# ####### #.#
#.# #@# #g# #g# #g#
#.# ..# ###


You could see 3 gnolls.

Vanquished Creatures
  2 adders (D:2)
  2 dart slugs
  A bat (D:1)
  A giant cockroach (D:1)
  3 goblins (D:1)
  2 hobgoblins (D:1)
  5 frilled lizards (D:1)
  4 rats
20 creatures vanquished.

Vanquished Creatures (others)
  A withered plant (D:2)
1 creature vanquished.

Grand Total: 21 creatures vanquished

Notes
Turn   | Place    | Note
-------+----------+-------------------------------------------
     0 | D:1      | n3xuiz the Demigod Fire Elementalist began the quest for
                  | the Orb.
     0 | D:1      | Reached XP level 1. HP: 14/14 MP: 5/5
   790 | D:1      | Reached skill level 3 in Fire Magic
   790 | D:1      | Reached XP level 2. HP: 16/20 MP: 7/7
  1496 | D:2      | Reached XP level 3. HP: 7/27 MP: 8/8
  2068 | D:2      | Slain by a gnoll

Illustrated notes

Levels and vault maps discovered:
D:1:      dpeg_arrival_pits, layout_rooms
D:2:      layout_basic, kiku_gazebo_garden_becter, uniq_terence

Skill      XL: |  1 |
---------------+----+-----
Spellcasting   | 2 |  2.0
Dodging        | 2 |  2.2
Fire Magic     | 3 |  3.0
Fighting       | |  0.3
Polearms       | |  0.5
Armour         | |  0.7
Stealth        | |  1.9
Conjurations   | |  0.8

Action                   || total
-------------------------++-------
Melee: Spear             ||   102
 Stab: Sleeping          ||     1
Armor: Leather armour    ||    13
       Plate armour      ||    26
       Ring mail         ||     1
Dodge: Dodged            ||    58

Table legend: (Time is in decaauts)
 A = Elapsed time spent in this place.
 B = Non-inter-level travel time spent in this place.
 C = Inter-level travel time spent in this place.
 D = Time resting spent in this place.
 E = Time spent auto-exploring this place.
 F = Levels seen in this place.
 G = Mean time per level.
                   A        B        C        D        E       F      G
               +--------+--------+--------+--------+--------+-----+--------+
         Total |   2077 |   2038 |     39 |    950 |    854 |   2 | 1038.5 |
       Dungeon |   2077 |   2038 |     39 |    950 |    854 |   2 | 1038.5 |
               +--------+--------+--------+--------+--------+-----+--------+

Top non-repeatable levels by time:
     D:1: 1414 daAuts
     D:2: 662 daAuts
